 Dungeon Crawl Stone Soup version 0.21.1-1-g345015f (webtiles) character file.

300 letownia2 the Magician (level 6, -7/42 HPs)
             Began as a Merfolk Wizard on Mar 19, 2018.
             Was an Initiate of Cheibriados.
             Shot with an arrow by a centaur (9 damage)
             ... on level 6 of the Dungeon.
             The game lasted 00:10:48 (1759 turns).

letownia2 the Magician (Merfolk Wizard)             Turns: 1759, Time: 00:10:48

Health: -7/42      AC:  5    Str: 11    XL:     6   Next: 36%
Magic:  9/12       EV: 13    Int: 20    God:    Cheibriados [......]
Gold:   175        SH:  0    Dex: 13    Spells: 3/14 levels left

rFire    . . .     SeeInvis .   i - +4 dagger
rCold    . . .     Gourm    .   (no shield)
rNeg     . . .     Faith    .   a - +0 robe
rPois    .         Spirit   .   b - +0 hat
rElec    .         Reflect  .   n - +0 cloak
rCorr    .         Harm     .   v - +0 pair of gloves
MR       .....                  h - +0 pair of boots
Stlth    ++........             (no amulet)
HPRegen  0.14/turn              D - +2 ring of intelligence
MPRegen  0.13/turn              (no ring)

@: very slow
A: change form in water, swift swim, stealthy swim
a: Bend Time, Renounce Religion


You were on level 6 of the Dungeon.
You worshipped Cheibriados.
Cheibriados was noncommittal.
You were not hungry.

You visited 2 branches of the dungeon, and saw 8 of its levels.

You collected 175 gold pieces.

Inventory:

Hand Weapons
 g - a +0 hunting sling
 i - a +4 dagger (weapon)
 p - a +0 spear
 J - a +0 spear
Missiles
 x - 23 bolts
 E - 2 curare-tipped needles
Armour
 a - a +0 robe (worn)
 b - a +0 hat (worn)
 h - a +0 pair of boots (worn)
 k - a +0 leather armour
 l - a +0 ring mail
 n - a +0 cloak (worn)
 u - a +0 scale mail
 v - a +0 pair of gloves (worn)
 z - a +0 ring mail
Jewellery
 D - a +2 ring of intelligence (left hand)
Scrolls
 e - a scroll of identify
 j - a scroll of fog {unknown}
 m - 2 scrolls of noise {unknown}
 o - a scroll of teleportation {unknown}
 q - a scroll of magic mapping {unknown}
 r - 2 scrolls of fear {unknown}
 s - a scroll of blinking {unknown}
 w - a scroll of enchant armour {unknown}
 y - a scroll of remove curse {unknown}
 B - a scroll of immolation {unknown}
 F - a scroll of random uselessness {unknown}
Potions
 f - a potion of flight {unknown}
 t - a potion of mutation {unknown}
 A - a potion of cancellation {unknown}
 C - a potion of curing
 G - 2 potions of invisibility {unknown}
 H - a potion of berserk rage
 I - a potion of heal wounds
 K - a potion of lignification
Books
 c - a book of Minor Magic

   Spells                             Type                      Level
   a - Magic Dart                     Conjuration                  1
   b - Blink                          Translocation                2
   c - Call Imp                       Summoning                    2
   d - Slow                           Hexes                        2
   e - Conjure Flame                  Conjuration/Fire             3
   f - Mephitic Cloud                 Conjuration/Poison/Air       3
Comestibles
 d - 6 rations
 L - a chunk of flesh


   Skills:
 + Level 0.8 Fighting
 - Level 1.0 Short Blades
 - Level 2.6 Dodging
 - Level 2.1 Stealth
 + Level 4.5 Spellcasting
 - Level 2.0 Conjurations
 - Level 2.0 Summonings
 - Level 1.0 Translocations
 - Level 1.3 Fire Magic
 - Level 1.1 Air Magic
 - Level 1.5 Poison Magic


You had 3 spell levels left.
You knew the following spells:

 Your Spells              Type           Power        Failure   Level  Hunger
a - Magic Dart            Conj           ##..         5%          1    None
b - Blink                 Tloc           N/A          12%         2    #......
c - Conjure Flame         Conj/Fire      ##......     19%         3    ##.....
e - Mephitic Cloud        Conj/Pois/Air  ##......     19%         3    ##.....
i - Call Imp              Summ           ##......     8%          2    #......


Dungeon Overview and Level Annotations

Branches:
Dungeon (7/15)             Temple (1/1) D:5

Altars:
Cheibriados
Dithmenos
Elyvilon
Fedhas
Gozag
Hepliaklqana
Kikubaaqudgha
Makhleb
Okawaru
Qazlal
Ru
Sif Muna
Uskayaw
Vehumet
Wu Jian
Xom
Yredelemnul
Zin
The Shining One

Annotations:
D:2 Sigmund


Message History

You barely miss the adder zombie.
The adder zombie is moderately damaged.
The orc barely misses you.
The centaur wields a shortbow.
The centaur shoots an arrow.
The arrow misses you. The adder zombie bites you.
* * * LOW HITPOINT WARNING * * *
Unknown command.
You hit the adder zombie.
The adder zombie is severely damaged.
The centaur shoots an arrow.
The arrow closely misses you.
The orc is engulfed in noxious fumes.
The orc appears confused.
The orc hits you with a club.
* * * LOW HITPOINT WARNING * * *
The adder zombie closely misses you.
You puncture the adder zombie!
You destroy the adder zombie!
Cheibriados thoroughly appreciates the change of pace.
The orc hits you but does no damage.
Unknown command.
The centaur shoots an arrow.
The arrow hits you!
You die...

.........#....#
###
.............##
.............#
.............#
.......o.o...####
................##
#.........o.......
###.......(....##
###.....@)..##
##.....(.##
#.........#
.c..........#
..##..####....# ##
##. #..... #.
#...# ..##


You could see a centaur and 3 orcs.

Vanquished Creatures
  A phantom (D:4)
  An orc priest (D:6)
  A centaur skeleton (D:4)
  A gnoll shaman (D:5)
  Terence (D:3)
  A worker ant (D:4)
  4 adders
  3 gnolls (D:5)
  An adder zombie (D:6)
  3 leopard geckos
  3 orcs
  2 giant cockroaches (D:2)
  3 goblins
  A hobgoblin (D:1)
  2 jackals (D:3)
  A kobold (D:3)
  A ball python (D:2)
  3 bats
  2 frilled lizards
  A jackal skeleton (D:4)
  2 rats
38 creatures vanquished.

Vanquished Creatures (collateral kills)
  A gnoll (D:5)
  2 adders
  4 jackals
  A frilled lizard (D:3)
8 creatures vanquished.

Grand Total: 46 creatures vanquished

Notes
Turn   | Place    | Note
-------+----------+-------------------------------------------
     0 | D:1      | letownia2 the Merfolk Wizard began the quest for the Orb.
     0 | D:1      | Reached XP level 1. HP: 13/13 MP: 4/4
    84 | D:2      | Reached skill level 1 in Conjurations
   184 | D:2      | Reached XP level 2. HP: 18/19 MP: 1/6
   188 | D:2      | Learned a level 2 spell: Call Imp
   212 | D:2      | Found a blossoming altar of Fedhas.
   220 | D:2      | Found an ancient bone altar of Kikubaaqudgha.
   227 | D:2      | Noticed Sigmund
   515 | D:3      | Noticed Terence
   577 | D:3      | Killed Terence
   577 | D:3      | Reached XP level 3. HP: 4/24 MP: 1/7
   592 | D:3      | Learned a level 3 spell: Mephitic Cloud
   852 | D:4      | Reached XP level 4. HP: 17/30 MP: 1/8
   911 | D:4      | Learned a level 3 spell: Conjure Flame
   931 | D:4      | Reached skill level 1 in Poison Magic
   944 | D:4      | Reached skill level 1 in Air Magic
   985 | D:4      | Reached skill level 1 in Short Blades
   985 | D:4      | Reached XP level 5. HP: 26/35 MP: 5/10
  1014 | D:5      | Entered Level 5 of the Dungeon
  1022 | D:4      | Noticed a phantom
  1094 | D:4      | Killed a phantom
  1094 | D:4      | Reached skill level 1 in Fire Magic
  1100 | D:4      | Learned a level 2 spell: Blink
  1169 | D:4      | Found a hide-covered altar of Uskayaw.
  1173 | D:4      | Found a burning altar of Makhleb.
  1176 | D:4      | Found a glowing golden altar of the Shining One.
  1179 | D:4      | Found a radiant altar of Vehumet.
  1319 | D:5      | Found a staircase to the Ecumenical Temple.
  1328 | Temple   | Entered the Ecumenical Temple
  1414 | Temple   | Became a worshipper of Cheibriados the Contemplative
  1465 | D:5      | Reached skill level 1 in Translocations
  1593 | D:5      | Reached skill level 4 in Spellcasting
  1593 | D:5      | Reached XP level 6. HP: 39/41 MP: 8/12
  1757 | D:6      | HP: 1/42 [orc/club (3)]
  1759 | D:6      | Shot with an arrow by a centaur

Skill      XL: |  1  2  3  4  5 |
---------------+----------------+-----
Conjurations   | 1 2 |  2.0
Summonings     | 2 |  2.0
Poison Magic   | 1 |  1.5
Air Magic      | 1 |  1.1
Short Blades   | 1 |  1.0
Fire Magic     | 1 |  1.3
Translocations | 1 |  1.0
Spellcasting   | 4 |  4.5
Fighting       | |  0.8
Dodging        | |  2.6
Stealth        | |  2.1

Action                   |  1- 3 |  4- 6 || total
-------------------------+-------+-------++-------
Melee: Dagger            |    36 |    86 ||   122
       Unarmed           |     1 |       ||     1
 Cast: Magic Dart        |    26 |    11 ||    37
       Call Imp          |    13 |     9 ||    22
       Mephitic Cloud    |       |     5 ||     5
       Conjure Flame     |       |     1 ||     1
  Use: Scroll            |       |     4 ||     4
 Stab: Distracted        |     1 |     1 ||     2
       Sleeping          |     1 |       ||     1
       Confused          |       |     2 ||     2
  Eat: Chunk             |       |     5 ||     5
Armor: Robe              |    33 |    12 ||    45
Dodge: Dodged            |    57 |    51 ||   108
